 Dungeon Crawl Stone Soup version 0.31-a0-1066-g35875b34c7 (webtiles) character file.

Game seed: 9142775775238655420

51 Maratek the Trooper (level 3, -2/33 HPs)
             Began as a Draconian Fighter on Nov 22, 2023.
             Was a Follower of Okawaru.
             Slain by a jelly (3 damage)
             ... on level 3 of the Dungeon.
             The game lasted 00:01:29 (1640 turns).

Maratek the Trooper (Draconian Fighter)             Turns: 1640, Time: 00:01:30

Health: -2/33      AC:  1    Str: 20    XL:     3   Next: 57%
Magic:  3/3        EV: 12    Int:  8    God:    Okawaru [*.....]
Gold:   74         SH:  4    Dex: 10    Spells: 2/2 levels left

rFire   . . .        a - +0 war axe
rCold   . . .        b - +0 buckler
rNeg    . . .        (body armour unavailable)
rPois   .            (helmet restricted)
rElec   .            (no cloak)
rCorr   .            (no gloves)
SInv    .            (no boots)
Will    .....        (no amulet)
Stlth   +            (no ring)
HPRegen 0.25/turn    (no ring)
MPRegen 0.08/turn

%: no passive effects
@: corroded
A: AC +5, unfitting armour, cold-blooded
a: Renounce Religion, Heroism


You were on level 3 of the Dungeon.
You worshipped Okawaru.
Okawaru was aware of your devotion.
You visited 1 branch of the dungeon, and saw 3 of its levels.

You collected 74 gold pieces.

Inventory:

Hand Weapons
 a - a +0 war axe (weapon)
Missiles
 i - a throwing net
Armour
 b - a +0 buckler (worn)
Scrolls
 d - a scroll of identify
 f - a scroll of teleportation
 k - a scroll of immolation
 m - a scroll of fear
Potions
 c - a potion of might
 e - a potion of enlightenment {unknown}
 g - 3 potions of curing {unknown}
 h - a potion of invisibility {unknown}
 j - a potion of heal wounds {unknown}
 l - a potion of degeneration {unknown}


   Skills:
 + Level 3.8 Fighting
 + Level 2.6 Axes
 + Level 3.1 Dodging
 + Level 3.4 Shields


You had 2 spell levels left.
You didn't know any spells.
Your spell library was empty.

Dungeon Overview and Level Annotations

Branches:
Dungeon (3/15)

Altars:
Makhleb
Okawaru

Annotations:
D:2 1 runed translucent door, Crazy Yiuf


Innate Abilities, Weirdness & Mutations

Your plain brown scales are hard. (AC +5)
You cannot fit into any form of body armour.
You are cold-blooded and may be slowed by cold attacks.


Message History

You open the door.
There is an open door here.
You open the door.
There is an open door here.
A jelly comes into view.
Found a bone wand.
A jelly is nearby!
The jelly quivers.
The jelly barely misses you.
You hit the jelly.
Your hands burn!
The jelly is lightly wounded.
The jelly barely misses you.
You barely miss the jelly. You tail-slap the jelly.
The jelly is moderately wounded.
The jelly hits you but does no damage.
You hit the jelly. The acid corrodes you!
Your hands burn!
Your tail-slap misses the jelly.
The jelly is moderately wounded.
The jelly hits you.
You are splashed with acid!
The jelly closely misses you.
You hit the jelly.
Your hands burn!
You tail-slap the jelly.
The jelly is severely wounded.
The jelly hits you.
You are splashed with acid!
* * * LOW HITPOINT WARNING * * *
You are too injured to fight recklessly!
You are too injured to fight recklessly!
You are too injured to fight recklessly!
You are too injured to fight recklessly!
You are too injured to fight recklessly!
You are too injured to fight recklessly!
You are too injured to fight recklessly!
You are too injured to fight recklessly!
You are too injured to fight recklessly!
You are too injured to fight recklessly!
You are too injured to fight recklessly!
You are too injured to fight recklessly!
You barely miss the jelly.
You tail-slap the jelly, but do no damage.
The jelly is severely wounded.
The jelly hits you.
You die...

##.... ##.....
...... #....
#.... ###/...
.......######
......J@....#####
.......###......#
####### #......#
#......# #......#
#......#
#......##
########.......#
.......'........


You could see a jelly.

Vanquished Creatures
  An adder (D:2)
  A worm (D:2)
  2 dart slugs
  2 ball pythons (D:1)
  2 bats
  An endoplasm (D:2)
  2 giant cockroaches
  4 goblins
  5 hobgoblins
  2 jackals (D:2)
  A quokka (D:2)
  4 frilled lizards (D:1)
  2 kobolds
  5 rats
34 creatures vanquished.

Notes
Turn   | Place    | Note
-------+----------+-------------------------------------------
     0 | D:1      | Maratek the Draconian Fighter began the quest for the Orb.
     0 | D:1      | Reached XP level 1. HP: 19/19 MP: 1/1
   181 | D:1      | Reached XP level 2. HP: 26/26 MP: 2/2
   826 | D:2      | Reached XP level 3. HP: 32/33 MP: 3/3
  1050 | D:2      | Found a faded altar of an unknown god.
  1355 | D:2      | Found a burning altar of Makhleb.
  1525 | D:2      | Found a runed translucent door.
  1526 | D:2      | Noticed Crazy Yiuf
  1574 | D:2      | Prayed at the altar of an unknown god.
  1574 | D:2      | Became a worshipper of Warmaster Okawaru
  1574 | D:2      | Reached * piety under Okawaru
  1639 | D:3      | HP: 1/33 [acid (9)]
  1640 | D:3      | Slain by a jelly

Illustrated notes

Levels and vault maps discovered:
D:1:      dpeg_arrival_tiny_i, layout_basic
D:2:      layout_loops_cross, basic_altar, basic_ecumenical_altar,
          minmay_misc_feat_chi, uniq_crazy_yiuf_cottage
D:3:      lemuel_castle_with_subvaults [lemuel_castle_interior_original],
          layout_basic, mainiacjoe_overflow_cross_hatched, uniq_terence

Skill      XL: |  1  2 |
---------------+-------+-----
Dodging        | 3 |  3.1
Fighting       | |  3.8
Axes           | |  2.6
Shields        | |  3.4

Action                     || total
---------------------------++-------
  Melee: War axe           ||    94
         Tailslap          ||    15
    Use: Scroll            ||     4
 Armour: Skin              ||    56
  Dodge: Dodged            ||    64
  Block: Buckler           ||    20

Table legend: (Time is in decaauts)
 A = Elapsed time spent in this place.
 B = Non-inter-level travel time spent in this place.
 C = Inter-level travel time spent in this place.
 D = Time resting spent in this place.
 E = Time spent auto-exploring this place.
 F = Levels seen in this place.
 G = Mean time per level.
                   A        B        C        D        E       F      G
               +--------+--------+--------+--------+--------+-----+--------+
         Total |   1679 |   1592 |     87 |      0 |   1345 |   3 |  559.7 |
       Dungeon |   1679 |   1592 |     87 |      0 |   1345 |   3 |  559.7 |
               +--------+--------+--------+--------+--------+-----+--------+

Top non-repeatable levels by time:
     D:2: 840 daAuts
     D:1: 797 daAuts
     D:3: 41 daAuts
